[Event "Late-Titled-Tuesday-Blitz-March-19-2024"]
[Site "Chess.com"]
[Date "2024.03.19"]
[Round "6"]
[White "vladislavkovalev"]
[Black "DenLaz"]
[Result "1/2-1/2"]
[WhiteElo "2881"]
[BlackElo "3097"]
[TimeControl "180+1"]
[EndTime "15:04:19 PDT"]
[Termination "Game drawn by repetition"]

1. e4 e5 2. Nf3 Nc6 3. Bb5 Nf6 4. O-O Nxe4 5. Re1 Nd6 6. Nxe5 Be7 7. Bf1 Nxe5 8.
Rxe5 O-O 9. d4 Bf6 10. Re1 Re8 11. c3 Rxe1 12. Qxe1 Ne8 13. Bf4 d5 14. Bd3 g6 15. Nd2 Ng7 16. Nf3 Bf5 17. Bxf5 Nxf5 18. Qe2 Qd7 19. Re1 Ng7 20. Ne5 Bxe5 21. Bxe5 Re8 22. Qd2 Nf5 23. f3 c6 24. Kf2 Re6 25. Bf4 a6 26. Rxe6 Qxe6 27. Qe2 Qxe2+ 28. Kxe2 f6 29. g4 Ng7 30. h3 Ne6 31. Be3 Kf7 32. Kd3 Nf8 33. a4 Ke6 34. a5 Kd7 35. b3 Ne6 36. Ke2 Ke7 37. Kd3 f5 38. Ke2 Kf6 39. Kf2 Nf8 40. g5+ Ke6 41. Bf4 Kd7 42.
Ke3 Ne6 43. h4 c5 44. dxc5 Nxc5 45. b4 Ne6 46. Be5 Kc6 47. Kd3 Kb5 48. Bd6 Kc6 49. Be5 Nd8 50. Bg3 Ne6 51. Be5 1/2-1/2

[Event "Late-Titled-Tuesday-Blitz-March-19-2024"]
[Site "Chess.com"]
[Date "2024.03.19"]
[Round "6"]
[White "tolimachess"]
[Black "tarno17"]
[Result "1-0"]
[WhiteElo "2465"]
[BlackElo "2197"]
[TimeControl "180+1"]
[EndTime "15:04:19 PDT"]
[Termination "tolimachess won by resignation"]

1. e4 c5 2. Nf3 e6 3. d4 cxd4 4. Nxd4 a6 5. c4 Nf6 6. Nc3 Bb4 7. Qf3 Qc7 8. Bd2 Nc6 9. Nxc6 dxc6 10. a3 Be7 11.
Qg3 Qxg3 12. hxg3 e5 13. f4 Bc5 14. Be2 Bd4 15. f5 b5 16. g4 Bb7 17. g5 Bxc3 18.
Bxc3 Nxe4 19. Bxe5 Nxg5 20. Bxg7 Rg8 21. f6 O-O-O 22.
Rh5 Ne6 23. Rxh7 Nd4 24. Bg4+ Kb8 25. O-O-O Nb3+ 26. Kc2 bxc4 27. Rxd8+ Rxd8 28. Bh6 c5 29. Bf4+ Ka8 30. Rxf7 Be4+ 31. Kc3 Na5 32. Be2 Rb8 33. Bxb8 Kxb8 34. Re7 Bd5 35. f7 1-0

[Event "Late-Titled-Tuesday-Blitz-March-19-2024"]
[Site "Chess.com"]
[Date "2024.03.19"]
[Round "6"]
[White "esteban062000"]
[Black "Burgsvik"]
[Result "0-1"]
[WhiteElo "2143"]
[BlackElo "2289"]
[TimeControl "180+1"]
[EndTime "15:04:21 PDT"]
[Termination "Burgsvik won by resignation"]

1. e4 c5 2. Nf3 Nc6 3. d4 cxd4 4. Nxd4 Nf6 5. Nc3 e5 6. Ndb5 d6 7. Bg5 a6 8. Na3 b5 9. Nd5 Be7 10. Nxe7 Nxe7 11. Bd3 Bb7 12. Qe2 Nc6 13. c3 h6 14. Bh4 g5 15. Bg3 Ne7 16. Rd1 Ng6 17. h4 g4 18. h5 Nf4 19. Bxf4 exf4 20. e5 f3 21. Qe3 Nd5 22. Qe4 fxg2 23. Qxg2 Qg5 24.
exd6 O-O 25. O-O Qxh5 26. Qg3 Nf4 27. f3 Nh3+ 28. Kg2 f5 29. c4 f4 30. Qxg4+ Qxg4+ 0-1

[Event "Late-Titled-Tuesday-Blitz-March-19-2024"]
[Site "Chess.com"]
[Date "2024.03.19"]
[Round "6"]
[White "xxysoul6"]
[Black "Rud_Makarian"]
[Result "1-0"]
[WhiteElo "2972"]
[BlackElo "2997"]
[TimeControl "180+1"]
[EndTime "15:04:23 PDT"]
[Termination "xxysoul6 won by resignation"]

1. d4 Nf6 2. Nf3 c5 3. e3 d5 4. dxc5 e6 5. a3 a5 6. c4 Bxc5 7. Nc3 O-O 8. Be2 Nc6 9. O-O dxc4 10. Bxc4 Qe7 11. e4 Rd8 12. Qe2 Nd4 13. Nxd4 Bxd4 14. e5 Nd7 15. Bf4 Nb6 16. Bd3 Bxc3 17. bxc3 Bd7 18. Rab1 Nd5 19. Bd2 Bc6 20. c4 Nc7 21. Rb3 a4 22. Bxh7+ Kf8 23. Rg3 Ke8 24. Bb4 Qh4 25. Rxg7 Kd7 26. Rxf7+ Kc8 27. Be7 Qh6 28. Bxd8 Kxd8 29. Rd1+ Kc8 30. Qd2 Qxd2 31. Rxd2 Ra5 32. Rf8+ Ne8 33. Bg6 Rxe5 34. h4 Kc7 35. Bxe8 1-0

[Event "Late-Titled-Tuesday-Blitz-March-19-2024"]
[Site "Chess.com"]
[Date "2024.03.19"]
[Round "6"]
[White "Dhaydon19"]
[Black "Nicolik"]
[Result "1-0"]
[WhiteElo "2668"]
[BlackElo "2528"]
[TimeControl "180+1"]
[EndTime "15:04:25 PDT"]
[Termination "Dhaydon19 won by resignation"]

1. e4 c5 2. Nc3 e6 3. g3 Nc6 4.
Bg2 Nf6 5. f4 d5 6. d3 Be7 7.
Nf3 O-O 8. O-O Rb8 9. e5 Nd7 10. a4 a6 11. Ne2 b5 12. axb5 axb5 13. c3 b4 14. c4 Nb6 15. b3 Bb7 16. Be3 d4 17.
Bf2 f5 18. exf6 Bxf6 19. Nd2 Ne7 20. Bxb7 Rxb7 21. Ne4 Qc7 22. g4 Ng6 23. Bg3 Bh4 24.
Qe1 Bxg3 25. Qxg3 Nd7 26. Ng5 Rb6 27. h4 h6 28. Ne4 Nf6 29. Nxf6+ gxf6 30. h5 Ne7 31.
Qg2 Qc6 32. Ng3 Qxg2+ 33. Kxg2 f5 34. g5 hxg5 35. fxg5 f4 36. Ne4 e5 37. Nxc5 Nf5 38. Nd7 e4 39. dxe4 Ne3+ 40. Kf3 Nxf1 41. Rxf1 Ra6 42. Nxf8 Kxf8 43. Kxf4 Ra3 44. Ke5+ Ke7 45.
Rf3 Ra5+ 46. Kxd4 Rxg5 47. Rh3 Rg7 48. h6 Rh7 49. Kd5 Kd7 50. c5 Ke7 51. e5 Kd7 52.
c6+ Ke7 53. Kc5 Ke6 54. Rh5 Kf7 55. Kxb4 Kg6 56. Rh1 Ra7 57. h7 1-0

[Event "Late-Titled-Tuesday-Blitz-March-19-2024"]
[Site "Chess.com"]
[Date "2024.03.19"]
[Round "6"]
[White "Rawnsdale"]
[Black "GM_shahin"]
[Result "0-1"]
[WhiteElo "2528"]
[BlackElo "2872"]
[TimeControl "180+1"]
[EndTime "15:04:25 PDT"]
[Termination "GM_shahin won by resignation"]

1. e4 e5 2. Nf3 Nc6 3. Bb5 Nf6 4. O-O Nxe4 5. Re1 Nd6 6. Nxe5 Be7 7. Bf1 Nf5 8. c3 Nxe5 9. Rxe5 d6 10. Re1 d5 11.
d4 O-O 12. Bf4 c5 13. dxc5 Bxc5 14. Nd2 Qb6 15. Qe2 Qxb2 16. Reb1 Qxc3 17. Rc1 Qf6 18. Be5 Qe7 19. Nb3 Bd6 20. Bb2 Qxe2 21. Bxe2 Be6 22. Bd3 Rac8 23. h3 Bf4 24. Re1 Rfe8 25. g3 Bb8 26.
Kg2 Nd6 27. Nd4 Bd7 28. h4 Nc4 29. Bc3 Ne5 30. Rxe5 Bxe5 31. Bb2 Bf6 32. Rd1 a6 33. Bb1 Ba4 34. Rd2 Re1 35. Bd3 Rd1 36. Rxd1 Bxd1 37. Bf5 Rc4 0-1

[Event "Late-Titled-Tuesday-Blitz-March-19-2024"]
[Site "Chess.com"]
[Date "2024.03.19"]
[Round "6"]
[White "shirovin"]
[Black "ThaBarWa"]
[Result "0-1"]
[WhiteElo "2043"]
[BlackElo "2342"]
[TimeControl "180+1"]
[EndTime "15:04:25 PDT"]
[Termination "ThaBarWa won by checkmate"]

1. d4 Nf6 2. Bf4 d6 3. Nc3 Nbd7 4. Nf3 g6 5. e4 Bg7 6. Qd2 O-O 7. h4 c5 8. d5 b5 9. Bxb5 Qa5 10. Bd3 Rb8 11. Bh6 Rxb2 12. Bxg7 Kxg7 13. h5 Kg8 14. hxg6 fxg6 15. Ng5 Ne5 16. Ne6 Bxe6 17. dxe6 Nfg4 18. O-O c4 19. Be2 Nxf2 20. Rxf2 Qc5 21.
Bf1 Ng4 22. Na4 Rxf2 23. Qd1 Rxf1+ 24. Kxf1 Qf2# 0-1

[Event "Late-Titled-Tuesday-Blitz-March-19-2024"]
[Site "Chess.com"]
[Date "2024.03.19"]
[Round "6"]
[White "Zhigalko_Sergei"]
[Black "Keks2017"]
[Result "1-0"]
[WhiteElo "2881"]
[BlackElo "2587"]
[TimeControl "180+1"]
[EndTime "15:04:28 PDT"]
[Termination "Zhigalko_Sergei won by checkmate"]

1. g4 d6 2. Bg2 c6 3. g5 e5 4. h4 Ne7 5. d4 Nd7 6. c4 Nf5 7. d5 c5 8. Nc3 a6 9. a4 Be7 10. Ne4 Nf8 11. Nf3 h6 12. Qd3 hxg5 13. hxg5 Rxh1+ 14.
Bxh1 Ng6 15. Bd2 Nd4 16. Nxd4 exd4 17. f4 Kf8 18. Ng3 Kg8 19. Be4 Qe8 20. Kf2 Bd7 21. a5 Rb8 22. b3 b5 23. axb6 Rxb6 24. Rh1 Bd8 25. Qf3 Rb8 26. f5 Ne5 27. Qh5 Kf8 28. Qh8+ Ke7 29. Qxg7 Qf8 30. f6+ Ke8 31. Qxf8+ Kxf8 32. Rh8# 1-0

[Event "Late-Titled-Tuesday-Blitz-March-19-2024"]
[Site "Chess.com"]
[Date "2024.03.19"]
[Round "6"]
[White "lluiss"]
[Black "esrosenberg"]
[Result "0-1"]
[WhiteElo "2267"]
[BlackElo "2484"]
[TimeControl "180+1"]
[EndTime "15:04:29 PDT"]
[Termination "esrosenberg won on time"]

1. Nf3 d5 2. d4 Bf5 3. c4 e6 4. Qb3 Nc6 5. Bd2 Rb8 6. Nc3 Nf6 7. cxd5 exd5 8. Ne5 Be7 9. e3 O-O 10. Bb5 Na5 11.
Qd1 c6 12. Be2 Nd7 13. Nxd7 Bxd7 14. O-O Nc4 15. Bxc4 dxc4 16. Qe2 b5 17. e4 a6 18. e5 Be6 19. Rad1 Qxd4 20. Bg5 Qa7 21. Bxe7 Qxe7 22. Ne4 Bf5 23. Nd6 Bd3 24. Qe3 Bxf1 25. Rxf1 Rbd8 26.
Qf4 Qe6 27. Nf5 Rfe8 28. Re1 Qxe5 0-1

[Event "Late-Titled-Tuesday-Blitz-March-19-2024"]
[Site "Chess.com"]
[Date "2024.03.19"]
[Round "6"]
[White "JaackCamel"]
[Black "szachmistrz2500"]
[Result "0-1"]
[WhiteElo "2189"]
[BlackElo "2454"]
[TimeControl "180+1"]
[EndTime "15:04:29 PDT"]
[Termination "szachmistrz2500 won on time"]

1. d4 c5 2. d5 e5 3. c4 d6 4. e4 g6 5. Nc3 Bg7 6. Nf3 Ne7 7. Be2 Na6 8. h3 Nc7 9. g4 a6 10. Be3 Bd7 11. Qd2 b5 12. Rg1 h6 13. h4 Rb8 14. Rb1 bxc4 15. a4 Rb4 16. Qc2 Na8 17.
h5 g5 18. Nd2 Nb6 19. Ra1 Qb8 20. Ra2 a5 21. f3 O-O 22. Kf2 Qb7 23. Nb5 Bxb5 24.
axb5 Rxb5 25. Bxc4 Rb4 26. b3 Ra8 27. Rga1 Nxc4 28.
Nxc4 Nc8 29. Nxa5 Qb5 30. Nc6 Rxa2 31. Qxa2 Rxb3 32. Qa8 Rb2+ 33. Kg3 Qe2 34. Qxc8+ Kh7 35. Qf5+ Kg8 36. Ra8+ Bf8 37. Rxf8+ Kxf8 38. Qc8+ Kg7 0-1

[Event "Late-Titled-Tuesday-Blitz-March-19-2024"]
[Site "Chess.com"]
[Date "2024.03.19"]
[Round "6"]
[White "IngOscarArdila"]
[Black "expii"]
[Result "1-0"]
[WhiteElo "2392"]
[BlackElo "2194"]
[TimeControl "180+1"]
[EndTime "15:04:31 PDT"]
[Termination "IngOscarArdila won on time"]

1. d4 d5 2. c4 e6 3. Nc3 c5 4. Nf3 Nc6 5. e3 Nf6 6. Bd2 Be7 7. Be2 O-O 8. dxc5 Bxc5 9. O-O d4 10. exd4 Nxd4 11. Nxd4 Bxd4 12. Qc2 Bb6 13. Bg5 h6 14. Bh4 g5 15. Bg3 Bc7 16. Rad1 Qe7 17. f4 g4 18. Ne4 Nh7 19. c5 f5 20. Nd2 Nf6 21. b4 Bd7 22. Bc4 Kh7 23. Rfe1 Rae8 24. Bh4 Qf7 25. Bg3 Nh5 26. Rf1 Nxg3 27. hxg3 Bc6 28. Rfe1 1-0

[Event "Late-Titled-Tuesday-Blitz-March-19-2024"]
[Site "Chess.com"]
[Date "2024.03.19"]
[Round "6"]
[White "kleinebeer98"]
[Black "NikoTheodorou"]
[Result "0-1"]
[WhiteElo "2868"]
[BlackElo "3103"]
[TimeControl "180+1"]
[EndTime "15:04:33 PDT"]
[Termination "NikoTheodorou won by resignation"]

1. e4 e5 2. Nc3 Nf6 3. f4 d5 4. fxe5 Nxe4 5. Nf3 Bg4 6. Bd3 Nc5 7. Be2 Nc6 8. d4 Ne6 9. Be3 Be7 10. O-O O-O 11.
h3 Bh5 12. Nh2 Bxe2 13. Nxe2 f6 14. exf6 Rxf6 15. Rxf6 Bxf6 16. Qd3 Qd7 17. Rf1 Rf8 18. Ng4 Be7 19. Rxf8+ Bxf8 20. Ng3 Qf7 21. c3 h5 22.
Ne5 Nxe5 23. dxe5 Nc5 24. Qe2 h4 25. Nh5 Nd7 26. Bxa7 b6 27. e6 Bc5+ 28. Kh1 Qf5 29. Qe1 Ne5 30. b4 Bd6 31. Qd1 Nd3 32. Kg1 Qxe6 33. a4 Qe3+ 0-1

[Event "Late-Titled-Tuesday-Blitz-March-19-2024"]
[Site "Chess.com"]
[Date "2024.03.19"]
[Round "6"]
[White "EsmeraldasAnderson03"]
[Black "Chempiblinka"]
[Result "1-0"]
[WhiteElo "2558"]
[BlackElo "2355"]
[TimeControl "180+1"]
[EndTime "15:04:37 PDT"]
[Termination "EsmeraldasAnderson03 won on time"]

1. d4 Nf6 2. c4 g6 3. Nc3 Bg7 4. e4 d6 5. Be2 O-O 6. Be3 c5 7. d5 e6 8. Nf3 exd5 9. cxd5 Na6 10. Nd2 Nc7 11. O-O Rb8 12. a4 b6 13. Nc4 Re8 14. Qc2 a6 15. Bf4 Bf8 16. Bf3 b5 17. axb5 axb5 18. Na5 Bd7 19. Rfe1 b4 20. Nb1 Nb5 21.
Nb3 Nxd5 22. Bg3 Ndc7 23. N1d2 Ne6 24. Nc4 Ned4 25. Nxd4 Nxd4 26. Qd3 Bb5 27. b3 Bg7 28. Rad1 Rb6 29. h4 Ra6 30. h5 Ra3 31. Rb1 d5 32. exd5 Rxe1+ 33. Rxe1 Rxb3 34. Qe4 Bxc4 35. Qe8+ Qxe8 36.
Rxe8+ Bf8 37. Bd6 Kg7 38. Bxf8+ Kf6 39. Be4 Ne2+ 40. Kh2 Nf4 41. d6 Bb5 42. Rb8 Bd7 43.
h6 Ne6 44. Bg7+ Nxg7 45. hxg7 Kxg7 46. Rb7 Bf5 47. d7 Bxd7 48. Rxd7 1-0

[Event "Late-Titled-Tuesday-Blitz-March-19-2024"]
[Site "Chess.com"]
[Date "2024.03.19"]
[Round "6"]
[White "martinmena"]
[Black "Piotrek1979"]
[Result "0-1"]
[WhiteElo "2254"]
[BlackElo "2482"]
[TimeControl "180+1"]
[EndTime "15:04:40 PDT"]
[Termination "Piotrek1979 won on time"]

1. c4 e6 2. g3 d5 3. Bg2 Nf6 4.
Nf3 dxc4 5. O-O a6 6. a4 Nc6 7. Qc2 e5 8. Qxc4 Be6 9. Qc2 h6 10. d3 Be7 11. Be3 Nd5 12. Bc5 Ndb4 13. Qc1 Na2 14. Qe3 Bxc5 15. Qxc5 Qd6 16. Qxd6 cxd6 17. Nc3 Nab4 18. Rfc1 Rc8 19. a5 Ke7 20. Nd2 Nd4 21.
Bxb7 Rxc3 22. bxc3 Nxe2+ 23. Kg2 Nxc1 24. Rxc1 Nxd3 25.
Rb1 Nc5 26. Bc6 f5 27. f3 Rc8 28. Ba4 Nxa4 29. Rb7+ Bd7 30. Ra7 Rxc3 31. Kf2 Nc5 0-1

[Event "Late-Titled-Tuesday-Blitz-March-19-2024"]
[Site "Chess.com"]
[Date "2024.03.19"]
[Round "6"]
[White "Angry_Twin"]
[Black "LikeWater"]
[Result "0-1"]
[WhiteElo "2913"]
[BlackElo "2658"]
[TimeControl "180+1"]
[EndTime "15:04:41 PDT"]
[Termination "LikeWater won by resignation"]

1. e4 c5 2. Nf3 e6 3. d4 cxd4 4. Nxd4 Nc6 5. Nc3 a6 6. Be2 Nf6 7. Nxc6 bxc6 8. e5 Nd5 9. Ne4 Qc7 10. f4 f5 11. exf6 Nxf6 12. Nxf6+ gxf6 13. O-O Bc5+ 14. Kh1 d5 15. Bh5+ Ke7 16. c4 a5 17.
Re1 Qd6 18. Qf3 a4 19. Qg3 Kd8 20. Qg7 Rf8 21. cxd5 cxd5 22. Be3 Ra7 23. Qg3 d4 24. Bd2 Bb7 25. Rad1 Bd5 26. Bf3 Rd7 27. Ba5+ Kc8 28.
Rc1 Kb7 29. Bxd5+ Qxd5 30. Qd3 Ba7 31. Bd2 Rg8 32. Re2 Rdg7 33. Rg1 e5 34. fxe5 fxe5 35. Re4 Ka8 36. b3 a3 37. Bb4 Rg4 38. Rxg4 Rxg4 39. Bxa3 e4 40. Qh3 h5 41. Rf1 d3 42. Bb4 e3 43. Rf8+ Kb7 0-1

[Event "Late-Titled-Tuesday-Blitz-March-19-2024"]
[Site "Chess.com"]
[Date "2024.03.19"]
[Round "6"]
[White "Mariia89"]
[Black "Vse_po_kaify"]
[Result "1-0"]
[WhiteElo "2288"]
[BlackElo "2470"]
[TimeControl "180+1"]
[EndTime "15:04:42 PDT"]
[Termination "Mariia89 won by checkmate"]

1. d4 Nf6 2. Nf3 e6 3. Bg5 d5 4. e3 c5 5. c3 Nc6 6. Bd3 h6 7.
Bh4 Be7 8. Nbd2 Bd7 9. Ne5 Nxe5 10. dxe5 Ng8 11. Bg3 h5 12. h4 g6 13. Qe2 Nh6 14. e4 d4 15. Nc4 b5 16. Nd6+ Bxd6 17. exd6 c4 18. Bxc4 d3 19. Bxd3 Qb6 20. Be5 O-O 21.
Bf4 Ng4 22. e5 f6 23. f3 fxe5 24. Bxe5 Nxe5 25. Qxe5 Kf7 26. O-O-O b4 27. Qg5 Rg8 28. Qe7# 1-0

[Event "Late-Titled-Tuesday-Blitz-March-19-2024"]
[Site "Chess.com"]
[Date "2024.03.19"]
[Round "6"]
[White "Kumi29"]
[Black "PapaieDudu"]
[Result "1-0"]
[WhiteElo "2584"]
[BlackElo "2466"]
[TimeControl "180+1"]
[EndTime "15:04:45 PDT"]
[Termination "Kumi29 won by resignation"]

1. d4 d5 2. Bg5 c5 3. e3 Nc6 4.
Nc3 Nf6 5. Bxf6 exf6 6. dxc5 Be6 7. Nf3 Bxc5 8. Nd4 O-O 9. Be2 Re8 10. O-O a6 11.
Bf3 Qd7 12. Nb3 Bb4 13. Nxd5 Rad8 14. Nxb4 Nxb4 15. Qxd7 Rxd7 16. Nd4 Bd5 17. c3 Bxf3 18. Nxf3 Nc6 19. Rfd1 Rde7 20. Kf1 b5 21. Rd6 Rc7 22.
Rad1 b4 23. c4 Kf8 24. b3 Ke7 25. Nd4 Ne5 26. Nf5+ Kf8 27. Rxa6 g6 28. Nd4 f5 29.
g3 Ng4 30. h3 Nf6 31. Rxf6 Ra7 32. Rd2 Rea8 33. Rb6 Kg7 34. Rxb4 h5 35. h4 Re7 36. a4 Re4 37. Nf3 Rae8 38. Rb7 Kf6 39. Rd6+ R8e6 40. Rxe6+ fxe6 41. Ng5 Rg4 42. f4 1-0

[Event "Late-Titled-Tuesday-Blitz-March-19-2024"]
[Site "Chess.com"]
[Date "2024.03.19"]
[Round "6"]
[White "sansanathalia"]
[Black "CuteSheepCloud"]
[Result "0-1"]
[WhiteElo "2402"]
[BlackElo "2654"]
[TimeControl "180+1"]
[EndTime "15:04:48 PDT"]
[Termination "CuteSheepCloud won by resignation"]

1. e4 e5 2. Nf3 Nc6 3. Bb5 Nf6 4. d4 exd4 5. e5 Nd5 6. Nxd4 Nb6 7. O-O Bc5 8. Nf5 g6 9. Ng7+ Kf8 10. Bh6 Kg8 11.
Nd2 Bf8 12. Nf5 gxf5 13. Bf4 Bg7 14. Nf3 d5 15. exd6 cxd6 16. Bxd6 Be6 17. Qd3 Nd5 18.
Ba3 Qf6 19. Rad1 Qg6 20. Nh4 Qg4 21. Bxc6 bxc6 22. g3 Bf6 23. Ng2 f4 24. c4 Nb6 25.
h3 Qg6 26. Qf3 Bxc4 27. Nxf4 Qf5 28. Rfe1 h5 29. Qxc6 Rc8 30. Qg2 h4 31. gxh4+ Kh7 32. Qf3 Rcg8+ 33. Kh2 Be5 34. Bd6 Qxf4+ 35. Qxf4 Bxf4+ 36.
Bxf4 Rg6 37. Bg3 Rhg8 38. Re7 Be6 39. b3 a5 40. Rd6 Nd5 41. Ra7 Nf6 42. Rxa5 Ne4 43.
Rd3 Nxf2 44. Rf3 Nxh3 45. Rh5+ Kg7 46. Re3 Kf8 47. Bd6+ Ke8 48. Bg3 Nf4 49. Ra5 Nh3 50. Ra8+ Kd7 51. Ra7+ Kc6 52. Ra5 Rg4 53. Rae5 Nf4 54. a4 Nd5 55. Re1 Rb4 56. Rc1+ Kd7 57. Ree1 Rxb3 58. Rg1 Rb2+ 59. Kh1 Ne3 60. Rc3 Bd5+ 0-1

[Event "Late-Titled-Tuesday-Blitz-March-19-2024"]
[Site "Chess.com"]
[Date "2024.03.19"]
[Round "6"]
[White "secretsuperstar7"]
[Black "KnightmareJoker"]
[Result "1-0"]
[WhiteElo "2497"]
[BlackElo "2313"]
[TimeControl "180+1"]
[EndTime "15:04:49 PDT"]
[Termination "secretsuperstar7 won by resignation"]

1. c4 e6 2. Nc3 d5 3. cxd5 exd5 4. d4 Nf6 5. Bg5 Be7 6. e3 h6 7. Bh4 c6 8. Bd3 O-O 9. Nge2 Nbd7 10. O-O Re8 11. Qc2 Nf8 12. f3 Be6 13. Rad1 Nh5 14. Bf2 Bh4 15. e4 Bxf2+ 16. Rxf2 Qg5 17. f4 Qh4 18. f5 Bd7 19. e5 f6 20. e6 Bxe6 21.
fxe6 Nxe6 22. Bg6 Re7 23. Bxh5 Qxh5 24. Qf5 Qh4 25. g3 Qg5 26. Qxg5 Nxg5 27. Kg2 Rae8 28.
h4 Ne6 29. Nf4 Nc7 30. Rdd2 g5 31. Nh5 Rf8 32. Nxf6+ Kh8 33. Ng4 Ref7 34. Rxf7 Rxf7 35. Nxh6 Rg7 36. hxg5 Ne6 37. Ng4 Rxg5 38. Ne5 Kg7 39. Nf3 Rg6 40. Kf2 Rf6 41. Ke3 Kg6 42.
Ne5+ Kg7 43. Ne2 Ng5 44. Nf4 Ne4 45. Nh5+ Kh6 46. Nxf6 Kg5 47. Nxe4+ dxe4 48. Kxe4 c5 49. dxc5 b6 50. c6 b5 51. c7 b4 52. c8=Q b3 53.
Qf5+ 1-0

[Event "Late-Titled-Tuesday-Blitz-March-19-2024"]
[Site "Chess.com"]
[Date "2024.03.19"]
[Round "6"]
[White "Zq1"]
[Black "ExchangeAB"]
[Result "1/2-1/2"]
[WhiteElo "2625"]
[BlackElo "2506"]
[TimeControl "180+1"]
[EndTime "15:04:56 PDT"]
[Termination "Game drawn by repetition"]

1. d4 d5 2. c4 c5 3. cxd5 Qxd5 4. Nf3 cxd4 5. Nc3 Qa5 6. Nxd4 Nf6 7. g3 a6 8. Bg2 e5 9. Nb3 Qc7 10. O-O Nc6 11.
Bg5 Be7 12. Rc1 O-O 13. Bxf6 Bxf6 14. Nd5 Qd8 15. Nc5 Nd4 16. e3 Ne6 17. Nxb7 Bxb7 18.
Nxf6+ Qxf6 19. Bxb7 Rab8 20. Bxa6 Rxb2 21. Rc2 Rb6 22.
Bc4 Ng5 23. Bd5 e4 24. Qg4 Qe5 25. Rd1 h5 26. Qe2 Rf6 27. Qf1 Rd8 28. Bb3 Nf3+ 29. Kh1 Rfd6 30. Rxd6 Rxd6 31. Rc8+ Kh7 32. Bxf7 Rf6 33.
Bg8+ Kh6 34. Bb3 Nd2 35. Qe1 Nf3 36. Qf1 Nd2 37. Qe1 Nf3 38. Qf1 1/2-1/2

[Event "Late-Titled-Tuesday-Blitz-March-19-2024"]
[Site "Chess.com"]
[Date "2024.03.19"]
[Round "6"]
[White "Jospem"]
[Black "AlexeiShirov"]
[Result "1/2-1/2"]
[WhiteElo "3049"]
[BlackElo "2845"]
[TimeControl "180+1"]
[EndTime "15:04:58 PDT"]
[Termination "Game drawn by repetition"]

1. e4 e5 2. Nf3 Nc6 3. Nc3 Nf6 4. h3 d5 5. Bb5 Nxe4 6. O-O Nxc3 7. dxc3 e4 8. Ne5 Qd6 9. Bf4 a6 10. Bxc6+ bxc6 11. f3 f6 12. Nd3 Qe6 13. fxe4 dxe4 14. Nf2 Be7 15. Qd4 c5 16. Qxe4 Qxe4 17. Nxe4 Bb7 18.
Rae1 O-O-O 19. Nd2 Rhe8 20. Nb3 c4 21. Nd4 Bc5 22. Be3 Be4 23. Rf2 Bxd4 24. Bxd4 Bg6 25. Ref1 Rd5 26. b3 cxb3 27. cxb3 c5 28. Bxf6 gxf6 29.
Rxf6 Rd2 30. R1f2 Ree2 31. Rxe2 Rxe2 32. Rxa6 Be4 33. g4 Rg2+ 34. Kf1 Rxg4 35. Ra5 Rg5 36. Kf2 Kc7 37. b4 Kb6 38. a3 Rf5+ 39. Ke3 cxb4 40. axb4 Bc2 41. Ra2 Bb3 42. Rd2 Rh5 43. Rd6+ Kb5 44.
Rd8 Rxh3+ 45. Kd2 Rh2+ 46. Ke3 Rh3+ 47. Kd2 Rh2+ 48. Ke3 Rh3+ 1/2-1/2

[Event "Late-Titled-Tuesday-Blitz-March-19-2024"]
[Site "Chess.com"]
[Date "2024.03.19"]
[Round "6"]
[White "angelgab3"]
[Black "stollenmonster"]
[Result "0-1"]
[WhiteElo "2637"]
[BlackElo "2885"]
[TimeControl "180+1"]
[EndTime "15:04:58 PDT"]
[Termination "stollenmonster won by checkmate"]

1. e4 c5 2. Nf3 Nf6 3. e5 Nd5 4. Nc3 e6 5. Bc4 Nb6 6. Be2 Nc6 7. O-O d5 8. exd6 Bxd6 9. b3 O-O 10. Bb2 e5 11.
Re1 Re8 12. Bf1 Bg4 13. h3 Bh5 14. Ne4 Bf8 15. Ng3 Bg6 16. Nxe5 Nxe5 17. Rxe5 Rxe5 18. Bxe5 Qd5 19. Bc3 Rd8 20. Be2 Qd7 21. d3 Nd5 22. Bd2 Bd6 23. Ne4 Be5 24. Rb1 b6 25. Qe1 Re8 26. Qf1 Qc7 27. Re1 h6 28. Bf3 Rd8 29. g3 Nb4 30. Bxb4 cxb4 31. Qe2 Bd4 32. Bh5 Bxe4 33.
dxe4 Qxg3+ 34. Kf1 Qxh3+ 35. Kg1 Rd6 36. Rd1 Be5 37.
Qf3 Bh2+ 38. Kh1 Bg3+ 39. Kg1 Rxd1+ 40. Qxd1 Qh2+ 41. Kf1 Qxf2# 0-1

[Event "Late-Titled-Tuesday-Blitz-March-19-2024"]
[Site "Chess.com"]
[Date "2024.03.19"]
[Round "6"]
[White "bitter-cikolata"]
[Black "newyorkmouse"]
[Result "0-1"]
[WhiteElo "2506"]
[BlackElo "2658"]
[TimeControl "180+1"]
[EndTime "15:04:58 PDT"]
[Termination "newyorkmouse won by checkmate"]

1. e4 c6 2. d4 d5 3. f3 dxe4 4. fxe4 e5 5. Nf3 Bg4 6. Bc4 Nd7 7. c3 Bd6 8. Qb3 Qe7 9. Qxb7 Rb8 10. Qxc6 Bxf3 11. gxf3 Qh4+ 12. Ke2 Qe7 13. Rg1 Kf8 14. Bb3 Ngf6 15. Bg5 h6 16. Bh4 g5 17. Bg3 Kg7 18.
Nd2 Rhc8 19. Qa6 Nh5 20. h4 Nxg3+ 21. Rxg3 exd4 22. hxg5 h5 23. Rh3 Nc5 24. Qa5 d3+ 25. Kf2 Bc7 26. Qa3 Bd6 27. Qa5 Rc6 28. Bc4 Rxb2 29.
Rd1 Qxg5 30. f4 Qxf4+ 31. Ke1 Nxe4 32. Nxe4 Qxe4+ 33. Kf1 Qe2+ 34. Kg1 Qxd1# 0-1

[Event "Late-Titled-Tuesday-Blitz-March-19-2024"]
[Site "Chess.com"]
[Date "2024.03.19"]
[Round "6"]
[White "sergiochess83"]
[Black "krzyzan94"]
[Result "1-0"]
[WhiteElo "2967"]
[BlackElo "2789"]
[TimeControl "180+1"]
[EndTime "15:04:59 PDT"]
[Termination "sergiochess83 won on time"]

1. d4 Nf6 2. c4 c5 3. d5 e6 4. Nc3 exd5 5. cxd5 d6 6. Nf3 g6 7. h3 Bg7 8. Bf4 a6 9. a4 O-O 10. e3 Nh5 11. Bh2 f5 12. Be2 Qe7 13. O-O Nd7 14. Nd2 Nhf6 15. Nc4 Ne8 16. Rb1 Ne5 17.
Nb6 Rb8 18. Qd2 Nf6 19. b4 cxb4 20. Rxb4 Bd7 21. Rfb1 Rbd8 22. a5 g5 23. Bxe5 Qxe5 24. Nc4 Qe7 25. Rxb7 Rc8 26. Nb6 Rc5 27. Bxa6 f4 28.
exf4 gxf4 29. Bb5 Ne4 30. Nxe4 Qxe4 31. Re1 Qg6 32. Nxd7 f3 33. g3 Rc2 34. Nxf8 Qf5 35. Rxg7+ Kxg7 36. Ne6+ Kf7 37. Qf4 1-0

[Event "Late-Titled-Tuesday-Blitz-March-19-2024"]
[Site "Chess.com"]
[Date "2024.03.19"]
[Round "6"]
[White "Stanbad1"]
[Black "Romkachess"]
[Result "1-0"]
[WhiteElo "2593"]
[BlackElo "2697"]
[TimeControl "180+1"]
[EndTime "15:05:00 PDT"]
[Termination "Stanbad1 won by resignation"]

1. d4 Nf6 2. Nc3 d5 3. Bf4 a6 4.
e3 e6 5. Bd3 c5 6. dxc5 Bxc5 7.
Nf3 Nc6 8. O-O O-O 9. e4 Be7 10. exd5 exd5 11. Ne5 Be6 12. Qf3 Rc8 13. Rad1 Nb4 14.
Rfe1 Nxd3 15. Qxd3 Qb6 16. Be3 Qxb2 17. Bd4 Qa3 18.
Rb1 b5 19. f3 Bc5 20. Ne2 Qxd3 21. cxd3 Bf5 22. Bxc5 Rxc5 23. Nd4 Be6 24. Rec1 Rfc8 25. Rxc5 Rxc5 26. a4 Bd7 27. axb5 axb5 28. Nxd7 Nxd7 29.
Nxb5 g6 30. Nd4 Ne5 31. Rb3 Rc1+ 32. Kf2 Rd1 33. Ke2 Rg1 34. Kf2 Ra1 35. f4 Ra2+ 36.
Kg3 Nd7 37. Rb5 Nf6 38. Rb8+ Kg7 39. Rb7 Nh5+ 40. Kf3 Rd2 41. Ne6+ Kf6 42. Nc5 Rd1 43. g3 Rf1+ 44. Kg2 Ra1 45. Nd7+ Ke6 46. Nf8+ Kf6 47. Nxh7+ Kg7 48. Ng5 Ra2+ 49. Kh3 Kh6 50. Rxf7 Ng7 51.
Rd7 Ra5 52. Nf7+ Kh7 53. Nd8 Kh6 54. Nc6 Nf5 55. Nxa5 1-0

[Event "Late-Titled-Tuesday-Blitz-March-19-2024"]
[Site "Chess.com"]
[Date "2024.03.19"]
[Round "6"]
[White "AlexPapasimakopoulos"]
[Black "Grischuk"]
[Result "0-1"]
[WhiteElo "2753"]
[BlackElo "3041"]
[TimeControl "180+1"]
[EndTime "15:05:01 PDT"]
[Termination "Grischuk won by resignation"]

1. d4 e6 2. c4 b6 3. Nf3 Bb7 4. Nbd2 Nf6 5. g3 c5 6. dxc5 Bxc5 7. Bg2 O-O 8. O-O Be7 9. b3 d6 10. Bb2 Nbd7 11. Rc1 Qc7 12. Nb1 Rac8 13. Nc3 a6 14.
Re1 Qb8 15. Nd4 Bxg2 16. Kxg2 Qb7+ 17. Kg1 Rfd8 18. Qd3 Ne5 19. Qd1 h5 20. Nf3 Ng6 21.
Qd4 b5 22. cxb5 axb5 23. Qb4 Rc5 24. a4 d5 25. Qd4 bxa4 26. Nxa4 Rxc1 27. Bxc1 Qxb3 28.
Bg5 Rc8 29. Nd2 Qc2 30. h4 e5 31. Qa7 Bb4 32. Qb7 Bxd2 33. Bxd2 Rc4 34. Qa8+ Kh7 35.
Bg5 Qxa4 36. Qb7 Qd7 37. Qb2 Ne4 0-1